cohdb
Replays
Latest Replays
All Replays
Popular Replays
Top Player Replays
Match Explorer
How It Works
Community
CoH3 Stats
Reddit
Sign in to upload your games and track your stats! →
Sign in with Steam
Match 41202773
Unlisted
Match 41202773
Overview
Messages
Build Orders
End
Kradschützen Motorcycle Team
Selects Italian Infantry
250 Light Carrier
Panzergrenadier Squad
Construct Light Support Kompanie
MG34 Team
MG34 Team
2.5-tonne Medical Truck
Panzerjäger Squad
Selects Sound the Alarm
Assault Mechanized Group
Fire Support Elements
Pak 38 Anti-tank Gun Team
MG34 Team
Selects Prepared Positions
MG34 Team
Xandr27
SkengTecnicaInternational
0
0
Comments
sign in to comment!
No comments posted yet!